 Dungeon Crawl Stone Soup version 0.18.1-5-g4a78601 (webtiles) character file.

17882 protoss039 the Blocker (level 12, -10/104 HPs)
             Began as a Minotaur Fighter on May 14, 2016.
             Was a High Priest of Okawaru.
             Mangled by an eight-headed hydra (13 damage)
             ... on level 12 of the Dungeon.
             The game lasted 01:13:44 (14186 turns).

protoss039 the Blocker (Minotaur Fighter)          Turns: 14186, Time: 01:13:45

Health: -10/104    AC: 19    Str: 24    XL:     12   Next: 22%
Magic:  12/14      EV: 21    Int:  5    God:    Okawaru [*****.]
Gold:   470        SH: 15    Dex: 16    Spells: 0 memorised, 11 levels left

rFire  + + .     SeeInvis +     F - +0 mace (crush)
rCold  + . .     Gourm    .     g - +0 ring mail "Padamon" {rF+ Dex+4}
rNeg   . . .     Faith    .     c - +0 shield
rPois  .         Spirit   .     (helmet restricted)
rElec  .         Dismiss  .     l - +2 cloak
rCorr  .         Reflect  .     w - +2 pair of gloves
SustAt .         Harm     .     y - +0 pair of boots
MR     ++...                    (no amulet)
Stlth  ++........               d - ring of protection from fire
                                e - ring of Dishonesty {Fragile rC+ MR+ SInv}

@: heroism, very resistant to hostile enchantments, unstealthy
A: retaliatory headbutt, horns 2, yellow scales 1, clumsy 1, magic resistance 1,
strong 1
a: Heroism, Finesse, Renounce Religion


You were on level 12 of the Dungeon.
You worshipped Okawaru.
Okawaru was extremely pleased with you.
You were hungry.

You visited 2 branches of the dungeon, and saw 13 of its levels.

You collected 524 gold pieces.
You spent 54 gold pieces at shops.

Inventory:

Hand Weapons
 m - a +2 longbow of flaming
 o - a +1 glaive of freezing
 F - a +0 mace of crushing (weapon)
Armour
 c - a +0 shield (worn)
 g - the +0 ring mail "Padamon" (worn) {rF+ Dex+4}
   (Okawaru gifted it to you on level 11 of the Dungeon)

   It affects your dexterity (+4).
   It protects you from fire.
 l - a +2 cloak (worn)
 w - a +2 pair of gloves (worn)
 y - a +0 pair of boots (worn)
Jewellery
 d - a ring of protection from fire (right hand)
 e - the ring of Dishonesty (left hand) {Fragile rC+ MR+ SInv}
   (You found it on level 10 of the Dungeon)

   [ring of see invisible]

   It protects you from cold.
   It affects your resistance to hostile enchantments.
   It lets you see invisible.
   It will be destroyed if unequipped.
 s - a cursed amulet of inaccuracy {unknown}
 B - an uncursed ring of resist corrosion
Wands
 b - a wand of heal wounds (0/9)
 q - a wand of enslavement (0/24)
 t - a wand of acid (0/15)
 v - a wand of lightning (3/15)
 A - a wand of teleportation (0/9)
 I - a wand of flame (0/48)
Scrolls
 j - a scroll of enchant weapon
 n - a scroll of teleportation
 p - 4 scrolls of remove curse
 u - a scroll of holy word
 C - a scroll of identify
 D - a scroll of magic mapping
Potions
 a - a potion of cancellation
 r - 2 potions of berserk rage
 x - a potion of invisibility {unknown}
 z - a potion of flight
Comestibles
 f - 10 bread rations
 h - 3 meat rations
 i - 2 fruits
 k - 10 royal jellies
 E - 20 chunks of flesh
 G - a beef jerky


   Skills:
 + Level 9.3(14.3) Fighting
   Level 5.7(12.8) Axes
 + Level 8.1(14.0) Maces & Flails
 + Level 10.4(15.4) Armour
 * Level 10.2(15.2) Dodging
 + Level 12.4(17.4) Shields
 - Level 4.5 Invocations
 * Level 3.6 Evocations


You had 11 spell levels left.
You didn't know any spells.

Dungeon Overview and Level Annotations

Branches:
Dungeon (12/15)            Temple (1/1) D:4            Lair (0/8) D:10
    Orc (0/2) D:10

Altars:
Ashenzari
Cheibriados
Dithmenos
Elyvilon
Fedhas
Gozag
Kikubaaqudgha
Makhleb
Nemelex Xobeh
Okawaru
Pakellas
Qazlal
Ru
Sif Muna
Trog
Vehumet
Xom
Yredelemnul
Zin
The Shining One

Shops:
D:4 *   D:5 [   D:6 :

Annotations:
Abyss:1 Eustachio


Innate Abilities, Weirdness & Mutations

You reflexively headbutt those who attack you in melee.
You have a pair of horns on your head.
You are partially covered in yellow scales (AC +2).
You are clumsy. (Dex -2)
You are resistant to hostile enchantments.
Your muscles are strong. (Str +2)


Message History

You block the eight-headed hydra's attack.
The eight-headed hydra bites you but does no damage.
You block the eight-headed hydra's attack.
The eight-headed hydra misses you. The eight-headed hydra bites you.
* * * LOW HITPOINT WARNING * * *
The eight-headed hydra misses you.
You block the eight-headed hydra's attack.
The eight-headed hydra barely misses you.
You thump the eight-headed hydra!
The eight-headed hydra is almost dead.
You hit the eight-headed hydra but do no damage.
You headbutt the eight-headed hydra!
The eight-headed hydra is almost dead.
The eight-headed hydra misses you.
You block the eight-headed hydra's attack.
The eight-headed hydra barely misses you. x3
The eight-headed hydra bites you but does no damage.
The eight-headed hydra closely misses you.
The eight-headed hydra bites you!
You die...

#............. #.............
#............. #.............
#............. #.............
#.............
##############...........[.
.........D@................
####...################### #...#
#...#
###########D..###################
.......D.........................
..........................?......
........................#########
........................#


You could see an eight-headed hydra.

Vanquished Creatures
  A sphinx (D:11)
  A tengu reaver (D:11)
  A centaur warrior (D:11)
  An unseen horror (D:11)
  2 hill giants
  Pikel (D:8)
  2 ugly things (D:11)
  A manticore (D:11)
  A centaur zombie (D:12)
  A gargoyle (D:12)
  3 komodo dragons
  3 trolls
  A queen bee (D:11)
  A two-headed ogre (D:12)
  Grinder (D:4)
  Prince Ribbit (D:5)
  Sigmund (D:2)
  A vampire (D:12)
  2 wyverns
  13 yaks
  2 hungry ghosts
  A mottled dragon (D:10)
  A water moccasin (D:7)
  4 orc warriors
  4 ice beasts
  3 sky beasts
  A phantom (D:5)
  3 ogres
  2 centaurs
  A big kobold (D:10)
  3 crocodiles (D:10)
  A wyvern zombie (D:12)
  6 giant frogs
  A scorpion (D:7)
  A water moccasin skeleton (D:9)
  21 killer bees
  9 wights
  2 howler monkeys
  5 crimson imps
  2 jellies
  8 orc priests
  2 centaur skeletons
  3 hounds
  12 orc wizards
  Terence (D:2)
  5 iguanas
  7 worker ants
  2 worker ant zombies
  3 gnolls (D:3)
  12 adders
  2 shadow imps (D:10)
  2 oozes (D:1)
  An adder skeleton (D:4)
  3 worms (D:2)
  3 dart slugs
  6 giant geckos
  31 orcs
  3 ball pythons
  11 bats
  7 giant cockroaches
  15 goblins
  8 jackals
  9 kobolds
  7 quokkas
  A giant gecko zombie (D:5)
  2 giant newts
  A jackal skeleton (D:8)
  14 rats
293 creatures vanquished.

Vanquished Creatures (collateral kills)
  A killer bee (D:11)
1 creature vanquished.

Vanquished Creatures (others)
  The ghost of herpmino the Skirmisher, a novice TeTm (D:5)
  A phantom (D:4)
  2 killer bees (D:11)
  A crimson imp (D:7)
  2 orc priests
  A dart slug (D:2)
8 creatures vanquished.

Grand Total: 302 creatures vanquished

Notes
Turn   | Place    | Note
--------------------------------------------------------------
     0 | D:1      | protoss039 the Minotaur Fighter began the quest for the Orb.
     0 | D:1      | Reached XP level 1. HP: 19/19 MP: 0/0
   176 | D:1      | Reached XP level 2. HP: 27/27 MP: 1/1
   266 | D:1      | Reached skill level 4 in Shields
   359 | D:1      | Reached XP level 3. HP: 33/33 MP: 2/2
   600 | D:2      | Noticed Terence
   610 | D:2      | Killed Terence
   610 | D:2      | Reached skill level 1 in Dodging
   746 | D:2      | Reached XP level 4. HP: 35/40 MP: 3/3
   768 | D:2      | Found a sacrificial altar of Ru.
  1108 | D:2      | Noticed Sigmund
  1121 | D:2      | Killed Sigmund
  1121 | D:2      | Reached skill level 1 in Axes
  1121 | D:2      | Reached skill level 5 in Shields
  1121 | D:2      | Reached XP level 5. HP: 34/47 MP: 4/4
  1124 | D:2      | Found a shimmering altar of Xom.
  1723 | D:3      | Reached XP level 6. HP: 53/53 MP: 5/5
  1884 | D:3      | Reached skill level 5 in Armour
  2001 | D:3      | Found an opulent altar of Gozag.
  2367 | D:4      | Noticed Grinder
  2841 | D:3      | Reached skill level 6 in Shields
  2930 | D:4      | Killed Grinder
  2930 | D:4      | Reached skill level 5 in Fighting
  2930 | D:4      | Reached XP level 7. HP: 61/61 MP: 6/6
  2942 | D:4      | Found a staircase to the Ecumenical Temple.
  2949 | Temple   | Entered the Ecumenical Temple
  2990 | Temple   | Became a worshipper of Warmaster Okawaru
  3053 | D:4      | Found a blossoming altar of Fedhas.
  3102 | D:4      | Noticed Eustachio
  3311 | D:4      | Banished Eustachio
  3311 | D:4      | Reached skill level 7 in Shields
  3352 | D:4      | Found Poalafox's Serpentskin Sales.
  3500 | D:5      | Entered Level 5 of the Dungeon
  3502 | D:5      | Noticed Prince Ribbit
  3755 | D:5      | Killed Prince Ribbit
  3755 | D:5      | Reached XP level 8. HP: 51/70 MP: 7/7
  4031 | D:5      | Reached * piety under Okawaru
  4064 | D:5      | Noticed herpmino's ghost (novice TeTm)
  4089 | D:5      | Banished herpmino's ghost
  4089 | D:5      | Reached skill level 8 in Shields
  4642 | D:5      | Found Vuluddeana's Armour Emporium.
  4645 | D:5      | Bought a +0 pair of boots for 54 gold pieces
  4847 | D:5      | Reached skill level 5 in Axes
  5033 | D:6      | Reached XP level 9. HP: 78/78 MP: 8/8
  5074 | D:6      | Found Fiajir's Book Boutique.
  5524 | D:7      | Reached skill level 9 in Shields
  5972 | D:7      | Reached skill level 1 in Invocations
  6002 | D:7      | Reached ** piety under Okawaru
  6960 | D:8      | Reached skill level 5 in Maces & Flails
  7446 | D:8      | Found a radiant altar of Vehumet.
  7447 | D:8      | Found a burning altar of Makhleb.
  7498 | D:8      | Reached *** piety under Okawaru
  7498 | D:8      | Reached XP level 10. HP: 59/86 MP: 11/11
  7674 | D:8      | Found a glowing silver altar of Zin.
  7674 | D:8      | Noticed an angel
  7867 | D:8      | Reached skill level 10 in Shields
  7952 | D:8      | Noticed Pikel
  7981 | D:8      | Killed Pikel
  8287 | D:9      | Found a sacrificial altar of Ru.
  8793 | D:10     | Entered Level 10 of the Dungeon
  8807 | D:10     | Got an ancient silver ring
  8946 | D:10     | Reached **** piety under Okawaru
  8960 | D:10     | Noticed a hill giant
  8979 | D:10     | Killed a hill giant
  9292 | D:10     | Found a staircase to the Orcish Mines.
  9332 | D:10     | Reached skill level 5 in Dodging
  9674 | D:10     | Reached skill level 10 in Armour
  9970 | D:10     | Identified the ring of Dishonesty {Fragile rC+ MR+ SInv} (You found it on level 10 of the Dungeon)
 10032 | D:10     | Found a staircase to the Lair.
 10054 | D:10     | Reached ***** piety under Okawaru
 10383 | D:11     | Noticed a cyan ugly thing
 10383 | D:11     | Noticed a cyan ugly thing
 10383 | D:11     | Noticed a centaur warrior
 10383 | D:11     | Noticed a sphinx
 10383 | D:11     | Noticed a tengu reaver
 10395 | D:11     | Killed a cyan ugly thing
 10395 | D:11     | Reached skill level 11 in Shields
 10412 | D:11     | Paralysed by a sphinx for 3 turns
 10737 | D:11     | Reached skill level 1 in Evocations
 10862 | D:11     | Paralysed by a sphinx for 7 turns
 10899 | D:11     | Noticed a manticore
 10919 | D:11     | Killed a manticore
 10919 | D:11     | Reached XP level 11. HP: 62/95 MP: 13/13
 11169 | D:11     | Received a gift from Okawaru
 11474 | D:11     | Killed a centaur warrior
 12150 | D:11     | Gained mutation: Your muscles are strong. (Str +2) [mutagenic meat]
 12158 | D:11     | Gained mutation: You are frail (-10% HP). [mutagenic meat]
 12159 | D:11     | Gained mutation: You are resistant to hostile enchantments. [mutagenic meat]
 12160 | D:11     | Lost mutation: You are frail (-10% HP). [mutagenic meat]
 12161 | D:11     | Gained mutation: You are partially covered in yellow scales (AC +2). [mutagenic meat]
 12162 | D:11     | Gained mutation: You are clumsy. (Dex -2) [mutagenic meat]
 12250 | D:11     | Noticed a hill giant
 12266 | D:11     | Killed a hill giant
 12390 | D:11     | Killed a sphinx
 12390 | D:11     | Received a gift from Okawaru
 12417 | D:11     | Killed a cyan ugly thing
 12605 | D:11     | Noticed an unseen horror
 12617 | D:11     | Killed an unseen horror
 12991 | D:11     | Reached skill level 12 in Shields
 13060 | D:11     | Killed a tengu reaver
 13060 | D:11     | Received a gift from Okawaru
 13435 | D:11     | Got a distressingly furry ring mail {god gift}
 13449 | D:11     | Identified the +0 ring mail "Padamon" {rF+ Dex+4} (Okawaru gifted it to you on level 11 of the Dungeon)
 13637 | D:12     | Reached XP level 12. HP: 101/104 MP: 14/14
 14106 | D:12     | Reached skill level 10 in Dodging
 14152 | D:12     | Noticed an eight-headed hydra
 14183 | D:12     | HP: 5/104 [eight-headed hydra (12)]
 14186 | D:12     | Mangled by an eight-headed hydra

Skill      XL: |  1  2  3  4  5  6  7  8  9 10 11 12 |
---------------+-------------------------------------+-----
Armour         | 4 5 6 8 9 10 | 10.4
Shields        | 4 5 6 7 8 9 11 12 | 12.4
Fighting       | 4 5 6 7 8 9 |  9.3
Dodging        | 1 2 3 4 5 9 10 | 10.2
Axes           | 1 2 3 5 |  5.7
Maces & Flails | 3 5 7 8 |  8.1
Invocations    | 3 4 |  4.5
Evocations     | 1 3 |  3.6

Action                   |  1- 3 |  4- 6 |  7- 9 | 10-12 || total
-------------------------+-------+-------+-------+-------++-------
Melee: Flail             |    65 |       |       |       ||    65
       Headbutt          |    10 |    17 |    68 |   205 ||   300
       Hand axe          |     9 |   122 |   204 |       ||   335
       Mace              |       |       |   169 |   310 ||   479
       Whip              |       |       |       |   363 ||   363
Invok: Heroism           |       |       |       |     3 ||     3
       Finesse           |       |       |       |     1 ||     1
Evoke: Wand              |       |       |       |    35 ||    35
  Use: Potion            |       |     5 |       |     9 ||    14
       Scroll            |       |     3 |     8 |    15 ||    26
  Eat: Chunk             |       |     6 |     7 |    22 ||    35
       Meat ration       |       |       |     2 |       ||     2
       Beef jerky        |       |       |     1 |     4 ||     5
       Pizza             |       |       |       |     1 ||     1
Armor: Scale mail        |    35 |       |       |       ||    35
       Chain mail        |     3 |    48 |   172 |    87 ||   310
       Mottled dragon ar |       |       |       |   138 ||   138
       Ring mail         |       |       |       |    34 ||    34
       Skin              |       |       |       |     3 ||     3
Dodge: Dodged            |    18 |    28 |    99 |   294 ||   439
Block: Shield            |    41 |    75 |   226 |   439 ||   781
